Map: Mist Opportunities

Players

NamroodTuo

  • Race: Zerg Zerg

BlubberBall

  • Race: Terran Terran
  • League: Silver
  • Spawn Location: 6:00

VOD

Have the link to the VOD?

Description

Time

  • Played on: April 13, 2023, 7:21 a.m.
  • Length: 30:03
Show
View Real Time Build Order
Export as new Build Order

NamroodTuo Zerg 

Build Orders:  

Get SALT Encoding   

  12  0:21  Infested Barracks  
  12  0:25  Infested SCV  
  13  0:38  Overlord  
  13  0:55  Infested SCV  
  13  0:57  Infested SCV  
  15  1:19  Infested SCV  
  16  1:23  Infestation Level 1  
  16  1:31  Infested SCV  
  16  1:34  Infested SCV  
  18  1:52  Infested Engineering Bay  
  18  1:53  Infested SCV  
  18  1:57  Infested SCV  
  20  2:05  Overlord  
  20  2:13  Infested SCV  
  21  2:25  Infested Refinery  
  21  2:40  Infested SCV  
  22  2:55  Infested SCV, Infested Refinery  
  23  3:00  Overlord  
  23  3:13  Infested SCV  
  24  3:50  Infested Marine  
  24  3:51  Infested Marine x14  
  37  4:25  Infested SCV x2  
  37  4:28  Overlord  
  39  4:30  Overlord  
  39  5:34  Infested SCV x2  
  41  5:42  Infested SCV x3  
  35  5:51  Infested Barracks Tech Lab, Infested Bunker  
  35  5:54  Infestation Level 2  
  35  6:04  Unknown x3  
  35  6:05  Unknown x3  
  35  6:06  Unknown x3  
  35  6:07  Unknown x3  
  35  6:08  Unknown x3  
  35  6:09  Unknown x3  
  35  6:10  Unknown x3  
  35  6:11  Unknown x3  
  35  6:12  Unknown x3  
  35  6:13  Unknown x3  
  35  6:14  Unknown x3  
  35  6:15  Unknown x3  
  35  6:16  Unknown x3  
  35  6:17  Unknown x3  
  35  6:18  Unknown x3  
  35  6:19  Unknown x3  
  35  6:20  Unknown x3  
  35  6:21  Unknown x3  
  35  6:22  Unknown x3  
  35  6:23  Unknown x3  
  35  6:34  Infested Command Center  
  35  6:37  Infested Bunker  
  39  6:40  Infested SCV x3  
  39  6:43  Retinal Augmentation  
  39  6:48  Stukov Infantry Weapons Level 1  
  42  6:56  Infested SCV  
  43  7:11  Overlord  
  43  7:23  Infested Factory  
  43  7:54  Anaerobic Enhancement  
  43  7:55  Plagued Munitions  
  43  8:02  Infested SCV  
  43  8:05  Infested Barracks  
  44  8:40  Infested SCV x4  
  48  8:52  Infested SCV  
  48  8:54  Infested Refinery, Broodling Gestation  
  49  9:14  Infested Marine  
  49  9:15  Infested Marine x13  
  49  9:16  Infested Marine  
  64  9:28  Stukov Infantry Armor Level 1  
  64  9:35  Infested Armory  
  64  9:38  Infested Factory Tech Lab  
  53  10:17  Infested Bunker  
  53  10:26  Infested Bunker  
  56  11:21  Infested SCV x4  
  56  11:22  Infested SCV  
  70  11:30  Stukov Vehicle and Ship Weapons Level 1  
  61  11:36  Infestation Level 3  
  61  11:50  Infested Starport  
  61  11:58  Infested Barracks  
  61  12:03  Overlord x4  
  61  12:08  Regenerative Plating  
  61  12:21  Infested Marine x3  
  61  12:22  Infested Marine x14  
  61  12:23  Unknown  
  78  12:39  Infested Marine x3  
  81  12:40  Infested Marine x17  
  98  13:05  Infested SCV x3  
  98  13:06  Infested SCV x2  
  98  13:07  Aggressive Incubation  
  98  13:08  Stukov Infantry Weapons Level 2  
  101  13:21  Infested Bunker  
  94  14:09  Overlord x4, Stukov Vehicle and Ship Armor Level 1  
  94  14:10  Overlord  
  94  14:17  Infested Starport Tech Lab  
  93  14:34  Infested Bunker  
  93  14:36  Infested Bunker  
  82  14:54  Infested Bunker  
  82  16:18  Calcified Armor  
  82  17:13  Infested Colonist Compound  
  82  17:18  Stukov Infantry Armor Level 2  
  82  17:46  Infested Marine  
  82  17:47  Infested Marine x20  
  82  17:48  Infested Marine x20  
  82  17:49  Infested Marine x19  
  140  19:26  Infested Marine  
  140  19:27  Infested Marine x9  
  150  19:34  Overlord x2  
  150  19:35  Overlord x4  
  150  19:36  Overlord x4  
  96  19:57  Infested Bunker  
  100  20:07  Infested Marine  
  100  20:08  Infested Marine x10  
  100  20:09  Infested Marine x21  
  132  20:10  Infested Marine x8  
  132  20:13  Infested Bunker  
  139  20:28  Infested Marine, Stukov Infantry Weapons Level 3  
  139  20:29  Infested Marine x6  
  146  20:30  Infested Marine x19  
  146  20:31  Infested Marine x2  
  160  20:50  Infested Marine x2  
  160  20:51  Infested Marine x11  
  167  21:24  Overseer  
  167  21:25  Overseer x5  
  167  21:26  Overseer x3  
  167  21:37  Infested Marine  
  167  21:38  Infested Marine x14  
  167  21:39  Infested Marine x13  
  158  22:10  Stukov Vehicle and Ship Armor Level 2  
  123  22:31  Infested Marine x7  
  123  22:32  Infested Marine x18  
  123  22:33  Infested Marine x7  
  137  22:59  Infested Bunker  
  144  23:10  Infested Bunker  
  144  23:11  Infested Bunker  
  148  23:22  Infested Bunker  
  148  23:23  Infested Marine  
  148  23:24  Infested Marine x11  
  148  23:25  Infested Marine x20  
  170  24:08  Stukov Infantry Armor Level 3  
  138  24:57  Infested Bunker  
  146  25:06  Infested Bunker  
  154  25:10  Infested Bunker  
  154  25:11  Infested Bunker  
  122  25:20  Stukov Vehicle and Ship Weapons Level 2  
  122  26:30  Overlord x2  
  122  26:31  Overlord x3  
  122  26:47  Infested Marine  
  122  26:48  Infested Marine x13  
  122  26:49  Infested Marine x19  
  155  26:50  Infested Marine x9  
  164  27:33  Infested Marine x5  
  164  27:34  Infested Marine x18  
  164  27:35  Infested Marine x13  
  198  28:21  Infested Marine  
  198  28:22  Infested Marine x3  
  198  28:23  Infested Marine  
  148  29:16  Infested Marine  
  148  29:17  Infested Marine x13  
  148  29:18  Infested Marine x21  
  148  29:19  Infested Marine x12  
  174  29:44  Overlord  
  174  29:45  Overlord x4  
Show
View Real Time Build Order
Export as new Build Order

BlubberBall Terran 

Build Orders:  

Get SALT Encoding   

  12  0:04  SCV  
  13  0:21  SCV  
  14  0:33  Barracks  
  14  0:38  SCV  
  15  0:56  Supply Depot  
  15  1:08  Orbital Command  
  15  1:10  Marine  
  16  1:20  Marine  
  17  1:30  Marine  
  18  1:40  Marine  
  19  1:50  Marine  
  20  2:01  Marine  
  21  2:12  Marine, SCV  
  23  2:40  Command Center  
  23  2:47  Marine, Supply Depot  
  23  2:48  Refinery  
  24  3:10  Barracks  
  24  3:14  Marine  
  25  3:22  Refinery  
  25  3:24  Barracks  
  25  3:27  Marine  
  26  3:53  Marine  
  27  4:03  Marine  
  28  4:27  Marine x3  
  26  4:46  Orbital Command  
  26  4:48  Marine x3  
  26  4:50  Refinery  
  26  4:58  Marine  
  29  5:01  Marine x2  
  32  5:31  Barracks Tech Lab  
  32  5:32  Barracks, Marine  
  32  5:34  Barracks  
  25  5:42  Marine, Barracks Tech Lab  
  26  6:00  Marine  
  26  6:01  Marine  
  28  6:11  Medic  
  28  6:15  Unknown  
  28  6:18  Marine  
  28  6:19  Marauder  
  30  6:21  Medic  
  30  6:23  SCV  
  30  6:24  SCV  
  37  6:31  Medic x2  
  37  6:36  Marine  
  42  6:41  Marine, Medic  
  45  7:10  Barracks Reactor  
  45  7:29  SCV  
  46  7:58  Supply Depot  
  46  7:59  Marauder, Medic  
  46  8:00  Barracks Reactor  
  46  8:01  SCV x2, Barracks Reactor, Supply Depot  
  46  8:07  Marine  
  46  8:08  Marine  
  46  8:09  Marine  
  52  8:11  Marine  
  52  8:18  SCV  
  52  8:19  Marine  
  57  8:22  Marine  
  57  8:26  SCV  
  60  8:30  Marauder  
  60  8:38  SCV  
  59  8:50  Marine x2  
  54  9:04  Marine  
  54  9:05  Marine x2, Marauder  
  54  9:07  Marine  
  49  9:12  Marine  
  49  9:13  Marine x2  
  49  9:15  Marine x3  
  49  9:17  Marine  
  49  9:18  Marine  
  37  9:23  Marine  
  35  9:35  SCV x2  
  29  9:52  SCV x2  
  29  9:58  Command Center  
  29  10:08  Stabilizer Medpacks, Marine x2  
  29  10:09  SCV x2, Marauder x2, Marine  
  31  10:10  Concussive Shells  
  38  10:21  Marauder  
  38  10:24  Engineering Bay  
  38  10:26  Engineering Bay  
  37  10:33  Marine  
  37  10:34  Marine, Medic x2  
  37  10:35  Marine x4  
  47  10:44  Marine x2  
  49  11:02  Marine  
  49  11:03  Marine, Medic, Marauder  
  55  11:13  Medic  
  57  11:27  Marine x3  
  57  11:28  Marine  
  61  11:41  Marine  
  61  11:42  Marine, Medic x2  
  61  11:49  Marine x3  
  72  11:50  Marine  
  67  11:52  Marine x2  
  67  11:58  Marine x2  
  67  11:59  SCV  
  74  12:04  Terran Infantry Weapons Level 1  
  74  12:06  Terran Infantry Armor Level 1  
  76  12:15  SCV  
  76  12:18  Orbital Command  
  77  12:32  Refinery  
  77  12:48  Marine x2  
  77  12:52  Marine x2  
  77  12:54  Marine x2  
  77  12:56  Marine, Supply Depot  
  77  12:57  Marine  
  77  12:59  Marine  
  79  13:00  SCV  
  77  13:03  Supply Depot  
  77  13:04  Marine  
  77  13:05  Marine x2  
  74  13:11  Medic x2  
  78  13:21  Medic x2  
  80  13:30  Marine x4  
  80  13:31  Medic  
  82  13:40  Marine x4  
  82  13:41  Marine x4  
  81  13:50  Marine x3  
  81  13:51  Marine x2  
  81  13:57  Marine x2  
  80  14:36  Marine x2  
  80  14:37  Marine x4  
  86  14:56  Marine x2  
  86  14:57  Marine x2  
  89  15:02  SCV x3  
  93  15:13  Supply Depot  
  93  15:16  Supply Depot  
  93  15:18  Supply Depot  
  93  15:19  SCV  
  94  15:21  Marine x4  
  94  15:23  Marine x3  
  94  15:24  Medic  
  103  15:31  Marine x2, Factory  
  103  15:34  Medic  
  103  15:35  Medic  
  109  15:44  Medic  
  73  16:41  Marine x2, Marauder  
  73  16:42  Marauder  
  79  16:51  Marine x3  
  79  16:54  Marauder  
  79  16:57  Factory Tech Lab  
  79  16:59  Armory  
  84  17:03  SCV x2  
  84  17:04  SCV  
  84  17:08  Marine x4, Marauder  
  84  17:09  Marauder  
  87  17:12  Marine x2  
  87  17:18  Marine x3  
  87  17:19  Marine  
  97  17:21  Marauder x2  
  97  17:22  Marine x2  
  97  17:28  Marine x2  
  97  17:29  Marine x2  
  103  17:32  Marine  
  103  17:33  Medic x2  
  109  17:43  Marine  
  109  17:44  Marine x3, Marauder x2  
  115  17:57  Marauder x2  
  115  17:58  Marine x2  
  115  17:59  Marine x4  
  112  18:08  Marine x2  
  112  18:09  Marine, Marauder  
  117  18:29  Marine x7, Supply Depot  
  112  18:30  Marine  
  117  18:31  Supply Depot  
  117  18:33  Siege Tank, Supply Depot x2  
  117  18:34  Missile Turret  
  117  18:35  Missile Turret  
  117  18:36  Supply Depot  
  128  18:44  Medic  
  128  18:45  Marine x2, Medic  
  128  18:46  Marine  
  135  18:54  Siege Tank  
  138  19:03  Terran Infantry Weapons Level 2  
  138  19:05  Marine x2, Terran Infantry Armor Level 2  
  140  19:28  Marine x2  
  140  19:29  Marine x4  
  134  19:30  Marine x2  
  134  19:38  Marine  
  134  19:39  Marine x2  
  139  19:40  Medic x2  
  146  19:50  Medic  
  144  20:00  Marine x3  
  144  20:01  Marine x4  
  144  20:02  Marine  
  147  20:10  Marine  
  136  20:27  Marine x4  
  136  20:28  Marine  
  136  20:29  Marine x3  
  124  20:37  Marine  
  114  20:41  Marine x2  
  114  20:42  Marine  
  114  20:46  Marine x2  
  114  20:47  Marine x2  
  114  20:48  Marine  
  105  21:36  Marine x3  
  105  21:37  Marine x4  
  105  21:38  Marine  
  98  21:46  Marine x2  
  98  21:47  Marine  
  104  22:04  Marine x2  
  104  22:05  Marine, Marauder x2  
  104  22:06  Marine  
  112  22:15  Terran Infantry Weapons Level 3  
  112  22:17  Marauder  
  112  22:18  Marauder  
  112  22:21  Terran Infantry Armor Level 3  
  116  22:30  Marauder x2  
  120  22:41  Marine  
  120  22:42  Marine x3  
  120  23:24  Marine x6  
  120  23:25  Marine x2  
  125  23:34  Marine x2  
  125  23:36  Marine x4  
  131  23:45  Marine x4  
  133  23:56  Firebat x2  
  131  24:09  Firebat  
  101  24:14  Siege Tank  
  101  24:19  Marine x5  
  147  24:20  Marine x2  
  103  24:26  Marine  
  103  24:29  Marine x4  
  148  24:30  Marine x3  
  111  24:36  Marine  
  111  24:39  Marine x4  
  119  24:40  Marine x3  
  126  24:52  Marine  
  126  24:53  Marine x3  
  130  25:03  Marine x2  
  130  25:04  Marine  
  133  25:21  Siege Tank, Terran Vehicle and Ship Weapons Level 1  
  136  25:39  Marine x4  
  133  25:40  Marine x2  
  133  25:41  Siege Tank  
  133  25:49  Medic x2  
  130  25:59  Marine x2, Medic x2  
  157  26:00  Marine x3  
  109  26:07  Marine  
  109  26:09  Marine, Medic x2  
  158  26:10  Marine x4  
  97  26:17  Marine  
  97  26:19  Marine, Medic  
  107  26:20  Marine x3, Medic  
  116  26:30  Medic x2  
  120  27:18  Marine  
  120  27:19  Marine x2  
  120  27:23  Marine x4  
  120  27:29  Marine x3  
  166  27:30  Marine  
  127  27:33  Marine x3  
  127  27:34  Marine  
  127  27:39  Marine x2  
  167  27:40  Marine x2  
  135  27:43  Marine x2  
  135  27:44  Marine x2  
  135  27:49  Marine  
  168  27:50  Marine x3  
  143  27:53  Marine  
  143  27:54  Marine x3  
  143  27:59  Marine  
  150  28:00  Marine  
  152  28:12  Marine  
  152  28:13  Marine x2  
  155  28:23  Marine  
  155  28:24  Marine  
  155  28:25  Marine x2  
  155  28:26  Marine x2  
  155  28:28  Marine x2  
  157  28:34  Marine x2  
  157  28:35  Marine x2  
  157  28:36  Marine  
  157  28:37  Marine  
  157  28:38  Marine x2  
  111  28:44  Marine x2  
  111  28:45  Marine x2  
  111  28:46  Marine  
  111  28:47  Marine  
  111  28:49  Marine x2  
  81  28:54  Marine x2  
  81  28:56  Marine x3  
  81  28:57  Marine  
  81  28:59  Marine x2  
  76  29:04  Marine x2  
  76  29:06  Marine x3  
  76  29:07  Marine  
  84  29:11  Marine x2  
  84  29:14  Marine  
  84  29:15  Marine  
  86  29:32  Marine x2  
  86  29:33  Marine x2  
Tags
 
Commander
RaynorStukov
League
Silver
Matchup
Co-op
Replay Pack
Multiplayer
Add a new tag
Caveats
  • Supply blocks, unpowered buildings, or Contaminate may cause inaccurate times.
  • Supply counts are checked every 10 seconds.